 Dungeon Crawl Stone Soup version 0.30-a0-297-g0ec75d9ef4 (webtiles) character file.

Game seed: 15935584996734192294

1213 RafaamOfGoldenOrder the Magician (level 8, -5/38 HPs)
             Began as a Felid Transmuter on Oct 19, 2022.
             Was a Believer of Vehumet.
             Slain by a wraith (11 damage)
             ... on level 7 of the Dungeon.
             The game lasted 00:57:21 (7195 turns).

RafaamOfGoldenOrder the Magician (Felid Transmuter) Turns: 7195, Time: 00:57:22

Health: -5/38      AC:  2    Str:  6    XL:     8   Next: 22%
Magic:  13/18      EV: 18    Int: 16    God:    Vehumet [**....]
Gold:   392        SH:  5    Dex: 17    Spells: 5/19 levels left
                                        Lives:  0   Deaths: 2

rFire   + . .      SeeInvis +      - Unarmed
rCold   . . .      Faith    .    (shield unavailable)
rNeg    . . .      Spirit   .    (body armour unavailable)
rPois   .          Reflect  +    (helmet unavailable)
rElec   .          Harm     .    (cloak unavailable)
rCorr   .          Rampage  .    (gloves unavailable)
Will    +....                    (boots unavailable)
Stlth   ++........               g - amulet of reflection
HPRegen 0.26/turn                r - ring of protection from fire
MPRegen 0.16/turn                s - ring of wizardry

@: slowed, slow
A: very small, claws 1, fangs 3, see invisible, speed 1, shaggy fur 2, stealthy
paws, no weapons or thrown items, no armour, multi-lived
a: Renounce Religion


You were on level 7 of the Dungeon.
You worshipped Vehumet.
Vehumet was pleased with you.
You visited 2 branches of the dungeon, and saw 8 of its levels.
You also visited: Sewer and Ossuary.

You collected 392 gold pieces.

Inventory:

Jewellery
 g - an amulet of reflection (around neck)
 j - a ring of fire
 r - a ring of protection from fire (left paw)
 s - a ring of wizardry (right paw)
Scrolls
 a - a scroll of summoning {unknown}
 b - 4 scrolls of enchant weapon {unknown}
 c - 8 scrolls of identify
 d - 2 scrolls of butterflies {unknown}
 e - 2 scrolls of torment {unknown}
 h - a scroll of magic mapping {unknown}
 o - 3 scrolls of blinking {unknown}
 q - a scroll of teleportation {unknown}
 t - a scroll of fear {unknown}
 w - a scroll of poison {unknown}
 x - a scroll of enchant armour {unknown}
 y - a scroll of noise {unknown}
Potions
 f - a potion of degeneration {unknown}
 i - 2 potions of haste {unknown}
 k - a potion of might
 l - a potion of berserk rage {unknown}
 m - a potion of resistance {unknown}
 n - 4 potions of heal wounds {unknown}
 p - 2 potions of brilliance
 u - 2 potions of curing
 v - 4 potions of flight
 z - a potion of magic {unknown}


   Skills:
 - Level 6.0 Fighting
 - Level 3.0 Dodging
 - Level 3.0 Unarmed Combat
 - Level 6.4 Spellcasting
 + Level 5.1 Necromancy
 - Level 3.0 Transmutations
 - Level 5.0 Earth Magic
 - Level 1.0 Poison Magic


You had 5 spell levels left.
You knew the following spells:

 Your Spells              Type           Power      Damage    Failure   Level
a - Borgnjor's Vile Clut  Necr/Erth      10%        N/A       17%         5
b - Sting                 Tmut/Pois      44%        1d5       2%          1
c - Slow                  Hex            20%        N/A       5%          1
d - Shock                 Conj/Air       20%        1d4       5%          1
e - Kiss of Death         Conj/Necr      52%        2d9       1%          1
f - Sticky Flame          Conj/Fire      5%         2d3       45%         4
g - Beastly Appendage     Tmut           28%        N/A       1%          1

Your spell library contained the following spells:

 Spells                   Type           Power      Damage    Failure   Level
 Hailstorm                Conj/Ice       5%         3d4       16%         3
 Vampiric Draining        Necr           21%        2d7       1%          3
 Wereblood                Tmut           14%        N/A       2%          2
 Animate Dead             Necr           21%        N/A       6%          4
 Spider Form              Tmut/Pois      11%        N/A       7%          3
 Ignite Poison            Fire/Tmut/Pois 9%         N/A       9%          3
 Confusing Touch          Hex            5%         N/A       16%         3
 Ice Form                 Ice/Tmut       9%         N/A       26%         4
 Death Channel            Necr           10%        N/A       65%         6
 Ignition                 Fire           2%         3d3       100%        8


Dungeon Overview and Level Annotations

Branches:
Dungeon (7/15) Zot: 25996  Temple (1/1) D:4 Zot: 5910   Sewer (visited)
Ossuary (visited)

Altars:
Ashenzari
Cheibriados
Dithmenos
Gozag
Kikubaaqudgha
Makhleb
Nemelex Xobeh
Sif Muna
Vehumet
Wu Jian
Zin
The Shining One

Shops:
D:3 =

Annotations:
D:5 1 runed translucent door, twist's ghost, novice OpTm


Innate Abilities, Weirdness & Mutations

You have sharp claws.
You have razor-sharp teeth.
You have supernaturally acute eyesight. (SInv)
You cover ground quickly. (Speed+)
You are covered in thick fur. (AC +2)
Your paws help you pounce on unaware monsters.
You are incapable of wielding weapons or throwing items.
You cannot wear armour.
You gain extra lives every three experience levels.


Message History

You scratch the wraith but do no damage.
You headbutt the wraith, but do no damage.
The wraith is lightly damaged.
The wraith hits you! The wraith drains your vigour!
You feel yourself slow down.
You scratch the wraith but do no damage.
You bite the wraith, but do no damage.
The wraith is lightly damaged.
The wraith closely misses you.
You closely miss the wraith.
The wraith is lightly damaged.
You block the wraith's attack. x2
You closely miss the wraith. You headbutt the wraith.
The wraith is lightly damaged.
Your horns disappear.
The wraith closely misses you.
You scratch the wraith but do no damage.
The wraith is lightly damaged.
You block the wraith's attack. The wraith barely misses you.
You closely miss the wraith.
The wraith is lightly damaged.
The wraith hits you. The wraith drains your vigour!
You feel as though you will be slow longer.
You scratch the wraith.
The wraith is moderately damaged.
The wraith hits you. The wraith drains your vigour!
You feel as though you will be slow longer.
You block the wraith's attack.
The spell is extremely dangerous to miscast (45% risk of failure)!
Continue anyway?
Aiming: Sticky Flame (extremely dangerous; 45% risk of failure)
Press: ? - help, Shift-Dir - straight line, f/p - wraith
Aim: a wraith (moderately damaged, unstickable)
The sticky flame hits the wraith but does no damage.
The wraith is moderately damaged.
The wraith hits you!
* * * LOW HITPOINT WARNING * * *
The wraith drains your vigour!
You feel as though you will be slow longer.
The wraith attacks as you move away! The wraith hits you!
You die...

#.# #.. ##.## ###
######.#.#####
#.....###....#
#<####.#.###.# #.#
##.## #.# #.# #.#
#.########### #.#
#.# #...........#
#.#
#@####..########.#
#.# #.W.....# #..
#.# ######.## ###
#.# #.#
#.##########.#
#............#
##############


You could see a wraith.

Vanquished Creatures
  3 water moccasins (D:7)
  An orc warrior (D:7)
  A sky beast (D:7)
  3 ice beasts
  A centaur (D:7)
  2 kobold brigands
  Blork the orc (D:5)
  A scorpion (D:5)
  4 howler monkeys (D:7)
  9 centaur zombies (Ossuary)
  A jelly (D:7)
  3 hounds
  A gnoll bouda (D:6)
  An orc priest (D:6)
  Jessica (D:2)
  4 iguanas
  5 mummies (Ossuary)
  6 gnolls
  A river rat (Sewer)
  7 adders
  A white imp (D:5)
  3 ufetubi
  2 worms
  4 dart slugs
  15 orcs
  8 endoplasms
  8 giant cockroaches
  9 goblins
  3 hobgoblins
  18 jackals
  18 kobolds
  2 quokkas
  5 ball pythons
  4 bats
  4 frilled lizards
  A hobgoblin zombie (Ossuary)
  8 rats
169 creatures vanquished.

Vanquished Creatures (others)
  A fungus (D:2)
  2 plants (D:2)
3 creatures vanquished.

Grand Total: 172 creatures vanquished

Notes
Turn   | Place    | Note
-------+----------+-------------------------------------------
     0 | D:1      | RafaamOfGoldenOrder the Felid Transmuter began the quest
                  | for the Orb.
     0 | D:1      | Reached XP level 1. HP: 9/9 MP: 4/4
   169 | D:1      | Reached XP level 2. HP: 13/13 MP: 4/6
   758 | D:1      | Reached XP level 3. HP: 15/17 MP: 5/7
   953 | D:2      | Found a faded altar of an unknown god.
  1005 | D:2      | Got Plato's Spellbook of Transformation
  1011 | D:2      | Learned a level 1 spell: Sting
  1093 | D:2      | Noticed Jessica
  1459 | D:3      | Found Duetid's Jewellery Emporium.
  1527 | D:3      | Reached XP level 4. HP: 21/21 MP: 9/9
  1688 | D:4      | Learned a level 4 spell: Sticky Flame
  1791 | D:4      | Reached skill level 1 in Poison Magic
  2166 | D:4      | Reached XP level 5. HP: 21/24 MP: 9/11
  2229 | D:4      | Noticed a black bear
  2625 | D:4      | Found a staircase to the Ecumenical Temple.
  2633 | Temple   | Entered the Ecumenical Temple
  2734 | Temple   | Became a worshipper of Vehumet
  3088 | D:2      | Killed Jessica
  3379 | D:5      | Entered Level 5 of the Dungeon
  3471 | D:5      | Noticed Blork the orc
  3474 | D:5      | Gained mutation: You are covered in thick fur. (AC +2)
                  | [Felid growth]
  3474 | D:5      | Reached XP level 6. HP: 16/28 MP: 6/14
  3560 | D:5      | Reached * piety under Vehumet
  3560 | D:5      | Offered knowledge of Shock by Vehumet.
  3687 | D:5      | Found a glowing drain.
  3759 | D:5      | Reached skill level 5 in Spellcasting
  3787 | Sewer    | Entered a sewer
  3795 | Sewer    | Learned a level 1 spell: Shock
  3943 | Sewer    | Found a white marble altar of Elyvilon.
  4037 | D:5      | Found a runed translucent door.
  4039 | D:5      | Noticed twist's ghost (novice OpTm)
  4426 | D:6      | Noticed an ice beast
  4438 | D:6      | Reached XP level 7. HP: 30/33 MP: 13/15
  4539 | D:5      | Killed Blork the orc
  4540 | D:5      | Reached skill level 5 in Fighting
  4806 | D:6      | Found a shadowy altar of Dithmenos.
  4871 | D:6      | Offered knowledge of Kiss of Death by Vehumet.
  4874 | D:6      | Learned a level 1 spell: Kiss of Death
  4970 | D:6      | Reached ** piety under Vehumet
  5777 | D:7      | Learned a level 1 spell: Slow
  5783 | D:7      | Learned a level 5 spell: Borgnjor's Vile Clutch
  5836 | D:7      | Reached skill level 1 in Necromancy
  5878 | D:7      | Found a sparkling altar of Nemelex Xobeh.
  6011 | D:7      | Reached skill level 1 in Earth Magic
  6011 | D:7      | Reached XP level 8. HP: 37/37 MP: 10/18
  6138 | D:7      | Found a sand-covered staircase.
  6142 | Ossuary  | Entered an ossuary
  6166 | Ossuary  | HP: 1/37 [centaur zombie (1)]
  6167 | Ossuary  | Killed by miscasting Borgnjor's Vile Clutch
  6168 | Ossuary  | Reached XP level 7. HP: -13/33 MP: 0/17
  6204 | Ossuary  | HP: 1/33 [centaur zombie (3)]
  6204 | Ossuary  | Slain by a centaur zombie
  6205 | Ossuary  | Reached XP level 6. HP: -2/30 MP: 3/16
  6253 | Ossuary  | Offered knowledge of Hailstorm by Vehumet.
  6254 | Ossuary  | Reached skill level 5 in Necromancy
  6254 | Ossuary  | Reached XP level 7. HP: 20/33 MP: 9/17
  6424 | D:7      | Found a burning altar of Makhleb.
  6429 | D:7      | Identified the +9 quarterstaff of Wozxif {spect, *Corrode
                  | rN+ Str+3 Stlth+}
  6462 | D:7      | Found a glowing silver altar of Zin.
  6462 | D:7      | Noticed an angel
  6462 | D:7      | Noticed a cacodemon
  6807 | D:7      | Reached XP level 8. HP: 36/38 MP: 9/18
  6859 | D:7      | Reached skill level 5 in Earth Magic
  7195 | D:7      | Slain by a wraith

Illustrated notes

Levels and vault maps discovered:
D:1:      dpeg_arrival_renting, layout_basic, minmay_unequal
D:2:      layout_rooms, shapermc_ecumenical_altar_rom_forum, minmay_mini_jars,
          uniq_jessica
D:3:      layout_basic, serial_shops, shop
D:4:      layout_layer_cave, minmay_temple_entry_fiery
D:5:      layout_rooms, ebering_ghost_reflecting_pool, gup_sewer_entry_glass,
          kennysheep_big_empty_room, uniq_blork_the_orc
D:6:      layout_basic, grunt_dithmenos_smoke
D:7:      layout_loops_ring, grunt_temple_overflow_order_and_chaos_2,
          amcnicky_altar_gilded, enter_ossuary_5, minmay_manual_moon
Temple:   nicolae_temple_superstar

Skill      XL: |  1  2  3  4  5  6  7  8 |
---------------+-------------------------+-----
Fighting       | 2 3 4 6 |  6.0
Spellcasting   | 3 4 5 6 |  6.4
Poison Magic   | 1 |  1.0
Transmutations | 3 |  3.0
Dodging        | 3 |  3.0
Necromancy     | 5 4 |  5.1
Earth Magic    | 4 5 |  5.0
Unarmed Combat | |  3.0

Action                   |  1- 3 |  4- 6 |  7- 9 || total
-------------------------+-------+-------+-------++-------
Melee: Unarmed           |   119 |   172 |    79 ||   370
       Headbutt          |    15 |    13 |    11 ||    39
       Bite              |    13 |     6 |     2 ||    21
       Punch             |       |     3 |     3 ||     6
 Cast: Beastly Appendage |    19 |    18 |     5 ||    42
       Sting             |     2 |    64 |   135 ||   201
       Shock             |       |     8 |       ||     8
       Borgnjor's Vile C |       |     2 |     9 ||    11
       Slow              |       |       |    11 ||    11
       Sticky Flame      |       |       |     1 ||     1
Evoke: Wand              |       |       |     3 ||     3
  Use: Potion            |       |     3 |     4 ||     7
       Scroll            |       |       |     2 ||     2
 Stab: Sleeping          |     1 |     1 |       ||     2
       Distracted        |       |     1 |       ||     1
Armor: Skin              |     5 |    36 |    32 ||    73
Dodge: Dodged            |    82 |   123 |   135 ||   340
Block: Other             |    10 |    37 |    41 ||    88
       Reflection        |       |     3 |       ||     3

Table legend: (Time is in decaauts)
 A = Elapsed time spent in this place.
 B = Non-inter-level travel time spent in this place.
 C = Inter-level travel time spent in this place.
 D = Time resting spent in this place.
 E = Time spent auto-exploring this place.
 F = Levels seen in this place.
 G = Mean time per level.
                   A        B        C        D        E       F      G
               +--------+--------+--------+--------+--------+-----+--------+
         Total |   6140 |   5792 |    348 |    178 |   1531 |  10 |  614.0 |
       Dungeon |   5567 |   5235 |    332 |    168 |   1234 |   7 |  795.3 |
        Temple |     89 |     73 |     16 |      0 |     64 |   1 |   89.0 |
         Sewer |    227 |    227 |      0 |      7 |    108 |   1 |  227.0 |
       Ossuary |    256 |    256 |      0 |      3 |    124 |   1 |  256.0 |
               +--------+--------+--------+--------+--------+-----+--------+

Top non-repeatable levels by time:
     D:4: 1170 daAuts
     D:7: 921 daAuts
     D:6: 910 daAuts
     D:5: 882 daAuts
     D:1: 721 daAuts
     D:2: 503 daAuts
     D:3: 459 daAuts
 Ossuary: 256 daAuts
   Sewer: 227 daAuts
  Temple: 89 daAuts
